 Dungeon Crawl Stone Soup version 0.29.1-15-g9cfb28693d (webtiles) character file.

Game seed: 164176014704981199

50 DildoBatman the Conjurer (level 4, -5/32 HPs)
             Began as a Formicid Conjurer on Mar 5, 2023.
             Slain by a killer bee (9 damage)
             ... on level 7 of the Dungeon.
             The game lasted 00:03:10 (1127 turns).

DildoBatman the Conjurer (Formicid Conjurer)        Turns: 1127, Time: 00:03:11

Health: -5/32      AC:  2    Str: 12    XL:     4   Next: 4%
Magic:  8/8        EV: 12    Int: 19    God:
Gold:   86         SH:  0    Dex: 12    Spells: 5/8 levels left

rFire   + + .      SeeInvis +   e - staff of conjuration
rCold   + . .      Faith    .   (no shield)
rNeg    . . .      Spirit   .   a - +0 robe
rPois   .          Reflect  .   (helmet unavailable)
rElec   .          Harm     .   i - scarf {rC+ rF+}
rCorr   .          Rampage  .   (no gloves)
Will    .....                   (no boots)
Stlth   ++........              (no amulet)
HPRegen 0.10/turn               k - ring of protection from fire
MPRegen 0.11/turn               (no ring)

@: lethally poisoned (-5 -> -19)
A: permanent stasis, dig shafts and tunnels, antennae 3, four strong arms
a: Dig, Shaft Self


You were on level 7 of the Dungeon.
You visited 1 branch of the dungeon, and saw 4 of its levels.

You collected 86 gold pieces.

Inventory:

Hand Weapons
 l - a +0 mace
Armour
 a - a +0 robe (worn)
 i - a scarf of resistance (worn)
Magical Staves
 e - a staff of conjuration (weapon)
Jewellery
 k - a ring of protection from fire (left hand)
Scrolls
 c - a scroll of amnesia {unknown}
 f - a scroll of enchant weapon {unknown}
 j - a scroll of butterflies {unknown}
 m - a scroll of teleportation {unknown}
 n - a scroll of identify {unknown}
Potions
 b - a potion of magic
 d - a potion of cancellation {unknown}
 g - a potion of attraction {unknown}
 h - 3 potions of mutation {unknown}


   Skills:
 * Level 1.5 Fighting
 * Level 1.5 Armour
 - Level 2.0 Dodging
 - Level 2.4 Stealth
 * Level 2.7 Spellcasting
 * Level 3.9 Conjurations


You had 5 spell levels left.
You knew the following spells:

 Your Spells              Type           Power      Damage    Failure   Level
a - Searing Ray           Conj           52%        2d6       4%          2
c - Magic Dart            Conj           100%       1d8       3%          1

Your spell library contained the following spells:

 Spells                   Type           Power      Damage    Failure   Level
 Dazzling Flash           Conj/Hex       30%        N/A       22%         3
 Fulminant Prism          Conj/Hex       7%         3d7       56%         4
 Iskenderun's Mystic Bla  Conj/Tloc      15%        2d5       56%         4


Dungeon Overview and Level Annotations

Branches:
Dungeon (7/15)
 Temple: D:4-7

Altars:

Annotations:
D:2 Jessica


Innate Abilities, Weirdness & Mutations

You cannot be hasted, slowed, berserked, paralysed or teleported.
You can dig through walls and to a lower floor.
You have a pair of large antennae on your head. (SInv)
Your four strong arms can wield two-handed weapons with a shield.


Message History

g - Guard the area. f - Follow me.
Anything else - Cancel.
You shout for attention!
The killer bee misses you. x2
What are your orders? t - Shout!
Orders for allies: a - Attack new target. r - Retreat! s - Stop attacking. g - Guard the area. f - Follow me.
Anything else - Cancel.
You shout for attention!
The killer bee barely misses you. x2
The killer bee stings you. What are your orders? t - Shout!
Orders for allies: a - Attack new target. r - Retreat! s - Stop attacking. g - Guard the area. f - Follow me.
Anything else - Cancel.
You shout for attention!
The killer bee stings you.
You are poisoned.
The killer bee poisons you! The killer bee closely misses you.
The killer bee barely misses you. What are your orders? t - Shout!
Orders for allies: a - Attack new target. r - Retreat! s - Stop attacking. g - Guard the area. f - Follow me.
Anything else - Cancel.
You shout for attention!
You feel sick. The killer bee stings you. The killer bee closely misses you. x3
The killer bee stings you.
You are lethally poisoned!
The killer bee poisons you! The killer bee stings you! x2
You die...

###### ####
##..... ...#
....... ...# #
#...... ...##.#
#...... ......#
#......#......#
..<...........#
#.@y.!...#
......yyy......
....##.........
#.. .........#
. ....#.....#
#...........
............
.<....#...#.#


You could see 4 killer bees.

Vanquished Creatures
  An adder (D:2)
  3 dart slugs (D:1)
  3 bats (D:1)
  A giant cockroach (D:1)
  6 goblins
  5 hobgoblins
  A quokka (D:2)
  7 ball pythons (D:1)
  A frilled lizard (D:1)
  2 kobolds (D:1)
  2 rats (D:1)
32 creatures vanquished.

Notes
Turn   | Place    | Note
-------+----------+-------------------------------------------
     0 | D:1      | DildoBatman the Formicid Conjurer began the quest for the
                  | Orb.
     0 | D:1      | Reached XP level 1. HP: 13/13 MP: 3/3
    43 | D:1      | Found a faded altar of an unknown god.
   119 | D:1      | Reached XP level 2. HP: 20/20 MP: 0/5
   122 | D:1      | Learned a level 2 spell: Searing Ray
   375 | D:1      | Reached skill level 1 in Fighting
   375 | D:1      | Reached skill level 1 in Armour
   395 | D:1      | Reached XP level 3. HP: 24/26 MP: 0/6
   927 | D:2      | Noticed Jessica
  1016 | D:2      | Reached XP level 4. HP: 32/32 MP: 3/8
  1080 | D:2      | You fall into a shaft and drop 2 floors!
  1114 | D:4      | You fall into a shaft and drop 3 floors!
  1127 | D:7      | Slain by a killer bee

Illustrated notes

Levels and vault maps discovered:
D:1:      evilmike_arrival_hilbert_curve, layout_rooms,
          chequers_ecumenical_altar_island, feat_on_display
D:2:      layout_rooms, minmay_splitting_lines, minmay_pentomino_q2,
          uniq_jessica, uniq_robin
D:4:      layout_loops_ring, mainiacjoe_overflow_big_doors, serial_shops,
          nicolae_shop_statue_plus
D:7:      layout_basic, roderic_batcave, kennysheep_small_square

Skill      XL: |  1  2 |
---------------+-------+-----
Dodging        | 2 |  2.0
Fighting       | 1 |  1.5
Armour         | 1 |  1.5
Stealth        | |  2.4
Spellcasting   | |  2.7
Conjurations   | |  3.9

Action                   |  1- 3 |  4- 6 || total
-------------------------+-------+-------++-------
Melee: Staff             |     6 |       ||     6
 Cast: Magic Dart        |    47 |     1 ||    48
       Searing Ray       |     1 |       ||     1
 Abil: Shaft Self        |       |     2 ||     2
Armor: Robe              |     1 |       ||     1
Dodge: Dodged            |     5 |    10 ||    15
